 Dungeon Crawl Stone Soup version 0.21-a0-515-g8d4ebbe138 (webtiles) character file.

60 JackS81 the Sneak (level 4, -8/34 HPs)
             Began as a Vine Stalker Assassin on Dec 3, 2017.
             Killed by divine providence
             ... invoked by an orc priest
              (15 damage)
             ... on level 3 of the Dungeon.
             The game lasted 00:06:19 (1880 turns).

JackS81 the Sneak (Vine Stalker Assassin)           Turns: 1880, Time: 00:06:19

Health: -8/34      AC: 22    Str: 14    XL:     4   Next: 4%
Magic:  0/5        EV:  2    Int: 11    God:
Gold:   131        SH:  0    Dex: 16    Spells: 3/3 levels left

rFire    . . .     SeeInvis .   a - +2 dagger
rCold    . . .     Gourm    .   (no shield)
rNeg     + + +     Faith    .   (armour currently unavailable)
rPois    +         Spirit   +   (helmet currently unavailable)
rElec    .         Reflect  .   (cloak currently unavailable)
rCorr    .         Harm     .   (gloves currently unavailable)
MR       .....     NoTele   +   (boots currently unavailable)
Stlth    +++.......             (no amulet)
HPRegen  0.51/turn              i - ring of flight
MPRegen  0.09/turn              (no ring)

@: tree-form (expiring)
A: repulsion field 1, regeneration 1, magic shield, no potion heal 3, rot
immunity
a: no special abilities


You were on level 3 of the Dungeon.
You were not hungry.
You were a tree.
You visited 1 branch of the dungeon, and saw 3 of its levels.

You collected 131 gold pieces.

Inventory:

Hand Weapons
 a - a +2 dagger (weapon)
 b - a +0 blowgun
Missiles
 e - 17 poisoned needles
 f - 2 curare-tipped needles
 m - 3 tomahawks of dispersal (quivered)
Armour
 c - a +0 robe (melded)
 d - a +0 cloak (melded)
 k - a +0 pair of boots (melded)
Jewellery
 i - a ring of flight (left branch)
Scrolls
 h - 2 scrolls of immolation {unknown}
 j - 2 scrolls of remove curse {unknown}
 l - a scroll of teleportation {unknown}
 r - a scroll of enchant weapon {unknown}
Comestibles
 g - 3 bread rations
 n - 2 chunks of flesh
 o - a royal jelly
 q - 2 meat rations


   Skills:
 - Level 1.7 Fighting
 * Level 2.4 Short Blades
 - Level 1.7 Throwing
 * Level 1.1 Dodging
 + Level 6.2 Stealth


You had 3 spell levels left.
You didn't know any spells.

Dungeon Overview and Level Annotations

Branches:
Dungeon (3/15)

Altars:


Innate Abilities, Weirdness & Mutations

((You have extremely sharp teeth.))
Your natural rate of healing is unusually fast.
When hurt, damage is shared between your health and your magic reserves.
((Your bite disrupts and absorbs the magic of your enemies.))
Potions cannot restore your health.
You are immune to rotting.
((You have large cloven feet.))
You are surrounded by a mild repulsion field. (EV +2)


Message History

The orc priest looks even sicker.
The orc priest is lightly wounded.
You kill the rat!
The orc priest hits you but does no damage.
Wield which item (- for none, * to show all)? (? for menu, Esc to quit)
a - a +2 dagger (weapon)
The orc priest hits you from afar with a trident.
The orc priest hits you but does no damage.
The orc priest completely misses you.
The orc priest hits you but does no damage.
The orc priest hits you but does no damage.
The orc priest barely misses you.
The orc priest begins to cast a cantrip, but forgets the words!
The orc priest calls down the wrath of Beogh upon you.
Beogh smites you!
* * * LOW HITPOINT WARNING * * *
Your transformation is almost over.
The orc priest invokes the aid of Beogh against you.
Beogh smites you!
You die...

# ## . #. ##. #. #.# #. #..
#. #.###.# #.######. #....#
#.#...... #♣# #.#.####. #)#
#.#.# #. #o# #.#.# #. #o#
#.#.# ## #(# #.#.## r####
#.# #....##
oo....####.########..#..###
#.o.............###>...
.[.....###.####.###..#..###


You could see an orc priest and an orc.

Vanquished Creatures
  An ooze (D:3)
  2 worms
  A dart slug (D:2)
  2 leopard geckos (D:1)
  2 orcs (D:3)
  2 ball pythons (D:2)
  2 giant cockroaches
  A goblin (D:3)
  5 hobgoblins
  2 jackals (D:1)
  4 bats
  2 frilled lizards (D:1)
  10 kobolds
  6 rats
42 creatures vanquished.

Notes
Turn   | Place    | Note
-------+----------+-------------------------------------------
     0 | D:1      | JackS81 the Vine Stalker Assassin began the quest for the Orb.
     0 | D:1      | Reached XP level 1. HP: 11/11 MP: 2/2
    30 | D:1      | Reached skill level 5 in Stealth
   101 | D:1      | Reached XP level 2. HP: 15/15 MP: 3/3
   727 | D:1      | Reached XP level 3. HP: 18/18 MP: 4/4
   959 | D:2      | Reached skill level 6 in Stealth
  1062 | D:2      | Reached skill level 1 in Dodging
  1862 | D:3      | Gained mutation: Your natural rate of healing is unusually fast. [Vine Stalker growth]
  1862 | D:3      | Reached XP level 4. HP: 10/23 MP: 3/5
  1863 | D:3      | Gained mutation: You are surrounded by a mild repulsion field. (EV +2) [potion of mutation]
  1863 | D:3      | Gained mutation: You have large cloven feet. [potion of mutation]
  1880 | D:3      | Killed from afar by an orc priest

Vault maps used:
D:1:      mrwooster_arrival_arrow
D:2:      first_bread

Skill      XL: |  1  2  3 |
---------------+----------+-----
Short Blades   | 2 |  2.4
Stealth        | 5 6 |  6.2
Dodging        | 1 |  1.1
Fighting       | |  1.7
Throwing       | |  1.7

Action                   |  1- 3 |  4- 6 || total
-------------------------+-------+-------++-------
Melee: Dagger            |    92 |     2 ||    94
       Bite              |    18 |       ||    18
 Fire: Blowgun           |       |     4 ||     4
  Use: Potion            |     5 |     1 ||     6
 Stab: Sleeping          |    20 |       ||    20
       Distracted        |     1 |       ||     1
  Eat: Chunk             |     3 |       ||     3
Armor: Robe              |    15 |       ||    15
       Skin              |     4 |     9 ||    13
Dodge: Dodged            |    27 |     2 ||    29

Table legend:
 A = Spawn XP
 B = Non-spawn XP
 C = Spawn XP percentage of total XP
 D = Spawn monster count
 E = Non-spawn monster count
 F = Spawn count percentage of total count
 G = Total turns spent on level
                    A         B        C        D         E        F      G
               +---------+---------+-------+---------+---------+-------+---------
         Total |       0 |      86 |   0.0 |       0 |      42 |   0.0 |  1880
               +---------+---------+-------+---------+---------+-------+---------
           D:1 |       0 |      35 |   0.0 |       0 |      21 |   0.0 |   847
           D:2 |       0 |      26 |   0.0 |       0 |      12 |   0.0 |   719
           D:3 |       0 |      25 |   0.0 |       0 |       9 |   0.0 |   314
               +---------+---------+-------+---------+---------+-------+---------
